 Dungeon Crawl Stone Soup version 0.21.0-3-g78d12a8 (webtiles) character file.

60 Faca the Shooter (level 3, -7/30 HPs)
             Began as a Centaur Hunter on Jan 10, 2018.
             Mangled by Sigmund
             ... wielding a +0 scythe
              (8 damage)
             ... on level 2 of the Dungeon.
             The game lasted 00:02:54 (1837 turns).

Faca the Shooter (Centaur Hunter)                   Turns: 1837, Time: 00:02:55

Health: -7/30      AC:  6    Str: 14    XL:     3   Next: 82%
Magic:  3/3        EV:  8    Int: 10    God:
Gold:   6          SH:  0    Dex: 10    Spells: 2/2 levels left

rFire    . . .     SeeInvis .   b - +0 short sword
rCold    . . .     Gourm    .   (no shield)
rNeg     . . .     Faith    .   k - +1 ring mail
rPois    .         Spirit   .   (no helmet)
rElec    .         Reflect  .   (no cloak)
rCorr    .         Harm     .   (no gloves)
MR       .....                  (no barding)
Stlth    ..........             (no amulet)
HPRegen  0.10/turn              (no ring)
MPRegen  0.08/turn              (no ring)

@: very quick
A: large, hooves 3, deformed body, speed 2, tough skin 3
a: no special abilities


You were on level 2 of the Dungeon.
You were not hungry.

You visited 1 branch of the dungeon, and saw 2 of its levels.

You collected 6 gold pieces.

Inventory:

Hand Weapons
 a - a +1 shortbow
 b - a +0 short sword (weapon)
Missiles
 d - 42 arrows
Armour
 k - a +1 ring mail (worn)
Scrolls
 c - a scroll of remove curse
 g - a scroll of identify {unknown}
Potions
 e - 2 potions of resistance {unknown}
 h - 2 potions of degeneration {unknown}
 i - 2 potions of flight {unknown}
 j - a potion of heal wounds {unknown}
Comestibles
 f - 2 rations


   Skills:
 + Level 2.7 Fighting
 * Level 6.3 Bows
 + Level 1.0 Armour
 - Level 1.4 Dodging
 - Level 0.4 Stealth


You had 2 spell levels left.
You didn't know any spells.

Dungeon Overview and Level Annotations

Branches:
Dungeon (2/15)

Altars:
Dithmenos
Nemelex Xobeh

Annotations:
D:2 Natasha, Sigmund


Innate Abilities, Weirdness & Mutations

You have hooves in place of feet.
Armour fits poorly on your strangely shaped body.
You cover ground very quickly.
You have extremely tough skin. (AC +3)


Message History

You are confused.
You bump into the rock wall.
Sigmund hits you but does no damage. Sigmund barely misses you.
You bump into the rock wall.
Sigmund completely misses you.
You bump into the rock wall.
Sigmund casts a spell at you. The puff of flame hits you!
* * * LOW HITPOINT WARNING * * *
You feel less confused.
You barely miss Sigmund.
Sigmund is moderately wounded.
Sigmund closely misses you.
You hit Sigmund.
Sigmund is heavily wounded.
Sigmund hits you with a scythe!
* * * LOW HITPOINT WARNING * * *
You hit Sigmund. You kick Sigmund!
Sigmund is severely wounded.
Sigmund hits you with a scythe!
You die...

..##############.##.#
..........# #..#.#
.########.# ##.#.# ## ###
#.#.# ######### ### #...#
##........ #...# ##..#
#.....####
#.#.##########..####.....####
#.⌠.#......@......'.........
#..'.####.@...####.....####
#.⌠.#.'.# #.###..........#
#.# #..'.# #.# #..........#
#.⌠.### #.# #.....#..###
#.#.# #.# ##.####..# #...#
#.# #.####..# #### #.#
#..#..[.# #.# ##'#)##.# #.#
#....##.#


You could see Sigmund.

Vanquished Creatures
  Natasha (D:2)
  5 bats
  4 bat skeletons (D:2)
  3 giant cockroaches (D:1)
  5 goblins (D:1)
  5 hobgoblins
  3 frilled lizards
  4 kobolds
  2 rats
32 creatures vanquished.

Notes
Turn   | Place    | Note
-------+----------+-------------------------------------------
     0 | D:1      | Faca the Centaur Hunter began the quest for the Orb.
     0 | D:1      | Reached XP level 1. HP: 17/17 MP: 1/1
   380 | D:1      | Reached XP level 2. HP: 19/24 MP: 2/2
   975 | D:2      | Noticed Natasha
   991 | D:2      | Killed Natasha
   991 | D:2      | Reached skill level 6 in Bows
   991 | D:2      | Reached XP level 3. HP: 6/30 MP: 3/3
  1399 | D:2      | Noticed Sigmund
  1402 | D:2      | Noticed Natasha
  1598 | D:2      | Found a sparkling altar of Nemelex Xobeh.
  1601 | D:2      | Found a shadowy altar of Dithmenos.
  1672 | D:2      | Reached skill level 1 in Armour
  1836 | D:2      | HP: 1/30 [Sigmund/scythe (9)]
  1837 | D:2      | Mangled by Sigmund

Skill      XL: |  1  2  3 |
---------------+----------+-----
Bows           | 6 |  6.3
Armour         | 1 |  1.0
Fighting       | |  2.7
Dodging        | |  1.4
Stealth        | |  0.4

Action                   || total
-------------------------++-------
Melee: Short sword       ||   128
       Kick              ||    30
  Use: Scroll            ||     4
  Eat: Ration            ||     1
       Chunk             ||     1
Armor: Leather armour    ||    38
       Ring mail         ||    50
Dodge: Dodged            ||   103
